 Dungeon Sprint DCSS version 0.28.0-53-g5a82cb258f (webtiles) character file.

Game seed: 5697189464274379641

0 Zeld the Skirmisher (level 1, -3/20 HPs)
             Began as a Minotaur Berserker on May 29, 2022.
             Was a Follower of Trog.
             Slain by Pargi (8 damage)
             ... in the Dungeon (Sprint VI: "Thunderdome").
             The game lasted 00:01:02 (75 turns).

Zeld the Skirmisher (Minotaur Berserker)              Turns: 75, Time: 00:01:03

Health: -3/20      AC:  4    Str: 21    XL:     1   Next: 16%
Magic:  0/0        EV: 12    Int:  4    God:    Trog [*.....]
Gold:   17         SH:  0    Dex:  9    Spells: 0/0 levels left

rFire   . . .      SeeInvis .   a - +0 hand axe
rCold   . . .      Faith    .   (no shield)
rNeg    . . .      Spirit   .   b - +0 animal skin
rPois   .          Reflect  .   (helmet restricted)
rElec   .          Harm     .   q - +0 cloak
rCorr   .          Rampage  .   m - +0 pair of gloves
Will    .....      NoTele   +   (no boots)
Stlth   +.........              (no amulet)
HPRegen 0.06/turn               (no ring)
MPRegen 0.07/turn               (no ring)

@: no status effects
A: horns 2, retaliatory headbutt
a: Renounce Religion, Berserk


You were in the Dungeon.
You worshipped Trog.
Trog was aware of your devotion.
You visited 1 branch You collected 200 gold pieces.
You spent 183 gold pieces at shops.

Inventory:

Hand Weapons
 a - a +0 hand axe (weapon)
Armour
 b - a +0 animal skin (worn)
 m - a +0 pair of gloves (worn)
 q - a +0 cloak (worn)
Wands
 j - a wand of acid (5)
 k - a wand of iceblast (5)
Scrolls
 h - 4 scrolls of blinking
 l - 3 scrolls of fog
 n - a scroll of identify
Potions
 c - a potion of curing
 d - 4 potions of heal wounds
 e - 4 potions of haste
 f - 2 potions of magic
 g - a potion of berserk rage
 i - a potion of resistance


   Skills:
 * Level 4.0 Fighting
 * Level 3.9 Axes
 + Level 2.6 Armour
 + Level 2.3 Dodging


You couldn't memorise any spells.
You didn't know any spells.
Your spell library was empty.

Dungeon Overview and Level Annotations

Branches:
Dungeon (1/1)

Altars:
Cheibriados
Dithmenos
Fedhas
Gozag
Kikubaaqudgha
Makhleb
Qazlal
Ru
Sif Muna
Uskayaw
Wu Jian
Xom
Yredelemnul
The Shining One

Shops:
D *[??**[(!

Annotations:
D Pargi


Innate Abilities, Weirdness & Mutations

You have a pair of horns on your head.
You reflexively headbutt those who attack you in melee.


Message History

You kill the quokka!
Trog accepts your kill.
Your Fighting skill increases to level 4!
Found Punahido's Magic Scroll Shop.
Found an ornate altar of the Wu Jian Council.
Pargi bites you but does no damage. Pargi claws you.
Pargi claws you but does no damage.
You hit Pargi. You headbutt Pargi.
Pargi is moderately wounded.
Pargi misses you. Pargi closely misses you. Pargi claws you.
You slash Pargi!
Pargi is heavily wounded.
Pargi bites you but does no damage. Pargi misses you. Pargi closely misses you.
You closely miss Pargi.
Pargi is heavily wounded.
Pargi barely misses you. x2; Pargi claws you but does no damage.
You hit Pargi but do no damage.
Pargi is heavily wounded.
Pargi bites you but does no damage. Pargi claws you. Pargi closely misses you.
You hit Pargi but do no damage. You headbutt Pargi!
Pargi is severely wounded.
Pargi barely misses you. x3
You miss Pargi.
Pargi is severely wounded.
Pargi bites you but does no damage. Pargi claws you.
Pargi closely misses you. x2
Pargi claws you but does no damage. Pargi claws you.
You are too injured to fight recklessly!
You are too injured to fight recklessly!
You are too injured to fight recklessly!
You are too injured to fight recklessly!
You hit Pargi.
Pargi is severely wounded.
Pargi bites you. Pargi claws you.
* * * LOW HITPOINT WARNING * * *
Pargi misses you.
Unknown command.
You hit Pargi. Your headbutt misses Pargi.
Pargi is almost dead.
Pargi bites you!
You die...

∩...... _...... _......
....... ###.........###
#⌠...........⌠#
######†8T........8.#
##.___..@...# ......
###∩".......8.# .8.......
##.............###.. .......
#⌠..........###...# .......
#⌠..........# #.<.# .......
#⌠..........###...###.......
##.............###..........
###∩........8.# #.8........
##∩_._......###......___∩


You could see Pargi.

Vanquished Creatures
  A quokka (D)
1 creature vanquished.

Notes
Turn   | Place    | Note
-------+----------+-------------------------------------------
     0 | D        | Zeld the Minotaur Berserker began the quest for the Orb.
     0 | D        | Reached XP level 1. HP: 19/19 MP: 0/0
     4 | D        | Found a glowing golden altar of the Shining One.
     5 | D        | Found a burning altar of Makhleb.
     5 | D        | Found a shadowy altar of Dithmenos.
     5 | D        | Round 1.
     6 | D        | Found a shimmering blue altar of Sif Muna.
     7 | D        | Found an opulent altar of Gozag.
     7 | D        | Found an ancient bone altar of Kikubaaqudgha.
     7 | D        | Found a sacrificial altar of Ru.
     7 | D        | Found Veeshropa's Weapon Rack.
     7 | D        | Found Haul's Premium Goods.
     8 | D        | Found Demas's Do-It-Yourself Clinic.
     8 | D        | Found Lyeddid's Basic Armour.
     8 | D        | Found Oteaff's Miscellaneous Merchandise.
    16 | D        | Bought a +0 pair of gloves for 54 gold pieces
    16 | D        | Bought a +0 cloak for 54 gold pieces
    32 | D        | Bought a scroll of identify for 30 gold pieces
    37 | D        | Found a stormy altar of Qazlal.
    39 | D        | Found a shimmering altar of Xom.
    39 | D        | Found Bell's Identification Station.
    39 | D        | Found Ilyetiul's Advanced Armour.
    40 | D        | Found Faon's Jewellery.
    45 | D        | Found a blossoming altar of Fedhas.
    45 | D        | Found a snail-covered altar of Cheibriados.
    45 | D        | Found a basalt altar of Yredelemnul.
    57 | D        | Bought a brightly glowing platinum amulet for 45 gold
                  | pieces
    57 | D        | Identified the amulet of Etiroj {Faith Dex+7} (You bought
                  | it in a shop in the Dungeon)
    63 | D        | Found a hide-covered altar of Uskayaw.
    63 | D        | Noticed Pargi
    67 | D        | Reached skill level 4 in Fighting
    67 | D        | Found an ornate altar of the Wu Jian Council.
    67 | D        | Found Punahido's Magic Scroll Shop.
    75 | D        | Slain by Pargi

Illustrated notes

Levels and vault maps discovered:
D:        arena_sprint

Skill      XL: |  1 |
---------------+----+-----
Fighting       | 4 |  4.0
Axes           | |  3.9
Armour         | |  2.6
Dodging        | |  2.3

Action                   || total
-------------------------++-------
Melee: Hand axe          ||    11
       Headbutt          ||     3
Armor: Animal skin       ||     8
Dodge: Dodged            ||    15
